MID
CEDAR RAPIDS KERNELS @ QUAD CITIES RIVER BANDITS
09/20/2048
 
TOP OF THE 1ST
Cedar Rapids Kernels batting - Pitching for Quad Cities River Bandits : RHP Gabe Torres
Pitching: RHP Gabe Torres
Batting: RHB David McDonald 0-0: Ball
1-0: Ball
2-0: Ball
3-0: Called Strike
3-1: Base on Balls
Batting: LHB Brian Wagner 0-0: Foul Ball, location: 2F
0-1: Fielders Choice at 2nd, 4-6 (Groundball, 4, EV 107.5 MPH)
Batting: LHB Kuemon Shishido 0-0: Called Strike
0-1: Foul Ball, location: 2F
0-2: Ball
1-2: Ball
Brian Wagner is caught stealing 2nd base 2-6
2-2: Foul Ball, location: 2F
2-2: Foul Ball, location: 2F
2-2: Foul Ball, location: 2F
2-2: Ball
3-2: Fly out, F9 (Line Drive, 89M, EV 90.0 MPH)
Top of the 1st over - 0 runs, 0 hits, 0 errors, 0 left on base; Cedar Rapids 0 - Quad Cities 0
BOTTOM OF THE 1ST
Quad Cities River Bandits batting - Pitching for Cedar Rapids Kernels : LHP Bobby Shaw
Pitching: LHP Bobby Shaw
Batting: RHB Ben Sutton 0-0: Called Strike
0-1: Ball
1-1: Called Strike
1-2: Ball
2-2: Foul Ball, location: 2F
2-2: TRIPLE (Flyball, 89XD, EV 109.4 MPH)
Batting: RHB Sean Mounts 0-0: Ball
1-0: Fly out, F8 (Flyball, 8LM, EV 95.6 MPH)
Batting: RHB Erik Smith 0-0: Fly out, F6 (Popup, 4MD, EV 51.9 MPH)
Batting: LHB Daigo Ishii 0-0: Ball
1-0: Ball
2-0: Ball
3-0: Called Strike
3-1: SINGLE (Groundball, 6MD, EV 99.4 MPH)
Ben Sutton scores
Batting: LHB Bob Govella 0-0: Ball
1-0: Fly out, F9 (Flyball, 89S, EV 91.2 MPH)
Bottom of the 1st over - 1 run, 2 hits, 0 errors, 1 left on base; Cedar Rapids 0 - Quad Cities 1
TOP OF THE 2ND
Cedar Rapids Kernels batting - Pitching for Quad Cities River Bandits : RHP Gabe Torres
Batting: LHB Shaun Price 0-0: Ball
1-0: SINGLE (Groundball, 6MD, EV 106.9 MPH)
Batting: SHB Chris Hull 0-0: Ball
1-0: Ball
2-0: Foul Ball, location: 2F
2-1: Ball
3-1: Base on Balls
Shaun Price to second
Batting: LHB Hector Olvera 0-0: Foul Ball, location: 2F
0-1: DOUBLE (Line Drive, 89M, EV 93.8 MPH)
Shaun Price scores
Chris Hull to third
Batting: RHB Tim Carter 0-0: Called Strike
0-1: Foul Ball, location: 2F
0-2: Foul Ball, location: 2F
0-2: Foul Ball, location: 2F
0-2: Ball
1-2: Ball
2-2: Fly out, F8 (Line Drive, 8RM, EV 94.4 MPH)
Runner from 3rd tags up, SCORES, throw by CF
Batting: RHB Andrew Rich 0-0: Called Strike
0-1: Ball
1-1: Foul Ball, location: 2F
1-2: Strikes out looking
Batting: RHB Dave Berry 0-0: Swinging Strike
0-1: Called Strike
0-2: Ball
1-2: SINGLE (Line Drive, 7S, EV 91.9 MPH)
Hector Olvera to third
Batting: RHB David McDonald 0-0: Called Strike
0-1: Foul Ball, location: 2F
0-2: Ball
1-2: Ball
2-2: Fly out, F5 (Line Drive, 5L, EV 63.8 MPH)
Top of the 2nd over - 2 runs, 3 hits, 0 errors, 2 left on base; Cedar Rapids 2 - Quad Cities 1
BOTTOM OF THE 2ND
Quad Cities River Bandits batting - Pitching for Cedar Rapids Kernels : LHP Bobby Shaw
Batting: RHB Andrew Pride 0-0: Called Strike
0-1: Foul Ball, location: 2F
0-2: Ball
1-2: Strikes out swinging
Batting: LHB Aldo Kok 0-0: Called Strike
0-1: Swinging Strike
0-2: Foul Ball, location: 2F
0-2: Ball
1-2: Foul Ball, location: 2F
1-2: Ground out U3 (Groundball, 3, EV 98.1 MPH)
Batting: RHB Reginald McDougall 0-0: Called Strike
0-1: Foul Ball, location: 2F
0-2: Ball
1-2: Foul Ball, location: 2F
1-2: Foul Ball, location: 2F
1-2: Ball
2-2: Ground out 2-3 (Groundball, 2R, EV 72.5 MPH)
Bottom of the 2nd over - 0 runs, 0 hits, 0 errors, 0 left on base; Cedar Rapids 2 - Quad Cities 1
TOP OF THE 3RD
Cedar Rapids Kernels batting - Pitching for Quad Cities River Bandits : RHP Gabe Torres
Batting: LHB Brian Wagner 0-0: Ball
1-0: Ball
2-0: Ball
3-0: Called Strike
3-1: Base on Balls
Batting: LHB Kuemon Shishido 0-0: Ball
1-0: Ball
2-0: Called Strike
2-1: Fly out, F8 (Line Drive, 8LM, EV 102.5 MPH)
Batting: LHB Shaun Price 0-0: Foul Ball, location: 2F
0-1: Reached on error, E4 (Groundball, 34, EV 108.1 MPH)
Brian Wagner to second
Batting: SHB Chris Hull 0-0: Foul Ball, location: 2F
0-1: Ball
1-1: Ball
2-1: Ball
3-1: Foul Ball, location: 2F
3-2: Foul Ball, location: 2F
3-2: Base on Balls
Brian Wagner to third
Shaun Price to second
Batting: LHB Hector Olvera 0-0: Ball
1-0: Foul Ball, location: 2F
1-1: Swinging Strike
1-2: Ball
2-2: Ball
3-2: Base on Balls
Brian Wagner scores
Shaun Price to third
Chris Hull to second
Batting: RHB Tim Carter 0-0: Ball
1-0: Ball
2-0: Ball
3-0: Base on Balls
Shaun Price scores
Chris Hull to third
Hector Olvera to second
Batting: RHB Andrew Rich 0-0: Ball
1-0: Grounds into double play, 4-6-3 (Groundball, 4, EV 98.1 MPH)
Top of the 3rd over - 2 runs, 0 hits, 1 error, 2 left on base; Cedar Rapids 4 - Quad Cities 1
BOTTOM OF THE 3RD
Quad Cities River Bandits batting - Pitching for Cedar Rapids Kernels : LHP Bobby Shaw
Batting: LHB Fernando Gomez 0-0: Ball
1-0: Ball
2-0: Ball
3-0: Called Strike
3-1: Base on Balls
Batting: RHB Ben Sutton 0-0: Foul Ball, location: 2F
0-1: Swinging Strike
0-2: Ball
1-2: Ground out 4-3 (Groundball, 34, EV 78.1 MPH)
Fernando Gomez to second
Batting: RHB Sean Mounts 0-0: Called Strike
0-1: Swinging Strike
0-2: Ball
1-2: Ball
2-2: Foul Ball, location: 2F
2-2: Foul Ball, location: 2F
2-2: Foul Ball, location: 2F
2-2: Strikes out swinging
Batting: RHB Erik Smith 0-0: Called Strike
0-1: Foul Ball, location: 2F
0-2: Strikes out looking
Bottom of the 3rd over - 0 runs, 0 hits, 0 errors, 1 left on base; Cedar Rapids 4 - Quad Cities 1
TOP OF THE 4TH
Cedar Rapids Kernels batting - Pitching for Quad Cities River Bandits : RHP Gabe Torres
Batting: RHB Dave Berry 0-0: Foul Ball, location: 2F
0-1: Ground out 6-3 (Groundball, 56, EV 101.2 MPH)
Batting: RHB David McDonald 0-0: Ball
1-0: Ball
2-0: Called Strike
2-1: Ground out 4-3 (Groundball, 4MD, EV 98.8 MPH)
Batting: LHB Brian Wagner 0-0: Ball
1-0: Ball
2-0: Foul Ball, location: 2F
2-1: Foul Ball, location: 2F
2-2: Ground out 4-3 (Groundball, 4, EV 93.1 MPH)
Top of the 4th over - 0 runs, 0 hits, 0 errors, 0 left on base; Cedar Rapids 4 - Quad Cities 1
BOTTOM OF THE 4TH
Quad Cities River Bandits batting - Pitching for Cedar Rapids Kernels : LHP Bobby Shaw
Batting: LHB Daigo Ishii 0-0: Swinging Strike
0-1: Swinging Strike
0-2: Foul Ball, location: 2F
0-2: Ball
1-2: Strikes out swinging
Batting: LHB Bob Govella 0-0: Ball
1-0: Foul Ball, location: 2F
1-1: Fly out, F9 (Flyball, 9, EV 88.8 MPH)
Batting: RHB Andrew Pride 0-0: Ball
1-0: Ball
2-0: Ground out 5-3 (Groundball, 56S, EV 90.0 MPH)
Bottom of the 4th over - 0 runs, 0 hits, 0 errors, 0 left on base; Cedar Rapids 4 - Quad Cities 1
TOP OF THE 5TH
Cedar Rapids Kernels batting - Pitching for Quad Cities River Bandits : RHP Gabe Torres
Batting: LHB Kuemon Shishido 0-0: Ball
1-0: Foul Ball, location: 2F
1-1: Ball
2-1: Ball
3-1: Foul Ball, location: 2F
3-2: Base on Balls
Batting: LHB Shaun Price 0-0: Foul Ball, location: 2F
0-1: SINGLE (Line Drive, 4D, EV 106.2 MPH)
Kuemon Shishido to second
Batting: SHB Chris Hull 0-0: Ground out 5-3 (Groundball, 56S, EV 84.4 MPH)
Kuemon Shishido to third
Shaun Price to second
Batting: LHB Hector Olvera 0-0: Foul Ball, location: 2F
0-1: SINGLE (Groundball, 56, EV 98.1 MPH)
Kuemon Shishido scores
Shaun Price to third
Runner from 3rd tries for Home, SAFE, throw by LF to home
Batting: RHB Tim Carter 0-0: Ball
1-0: Ball
2-0: Foul Ball, location: 2F
2-1: Ball
3-1: Foul Ball, location: 2F
3-2: Fielders Choice at 2nd, 5-4 (Groundball, 56, EV 100.0 MPH)
Batting: RHB Andrew Rich 0-0: SINGLE (Line Drive, 34, EV 102.5 MPH)
Tim Carter to second
Pitching: RHP Carlos Zavala
Batting: RHB Dave Berry 0-0: Ball
1-0: Foul Ball, location: 2F
1-1: Fly out, F4 (Popup, 4M, EV 68.8 MPH)
Top of the 5th over - 2 runs, 3 hits, 0 errors, 2 left on base; Cedar Rapids 6 - Quad Cities 1
BOTTOM OF THE 5TH
Quad Cities River Bandits batting - Pitching for Cedar Rapids Kernels : LHP Bobby Shaw
Batting: LHB Aldo Kok 0-0: Called Strike
0-1: Ball
1-1: Swinging Strike
1-2: Strikes out swinging
Batting: RHB Reginald McDougall 0-0: SINGLE (Line Drive, 8LS, EV 90.0 MPH)
Batting: LHB Fernando Gomez 0-0: Called Strike
0-1: Ball
Reginald McDougall is caught stealing 2nd base 2-6
1-1: Foul Ball, location: 2F
1-2: Ball
2-2: Ball
3-2: Base on Balls
Batting: RHB Ben Sutton 0-0: Ground out 4-3 (Groundball, 4, EV 88.8 MPH)
Bottom of the 5th over - 0 runs, 1 hit, 0 errors, 1 left on base; Cedar Rapids 6 - Quad Cities 1
TOP OF THE 6TH
Cedar Rapids Kernels batting - Pitching for Quad Cities River Bandits : RHP Carlos Zavala
Batting: RHB David McDonald 0-0: Ball
1-0: Ball
2-0: Ball
3-0: Base on Balls
Batting: LHB Brian Wagner 0-0: Ball
1-0: Called Strike
1-1: Called Strike
1-2: Strikes out swinging
Batting: LHB Kuemon Shishido 0-0: Ball
David McDonald steals 2nd base (no throw)
1-0: Ball
2-0: Ball
Wild Pitch!
David McDonald to third
3-0: Called Strike
3-1: Foul Ball, location: 2F
3-2: SINGLE (Line Drive, 78M, EV 96.9 MPH)
David McDonald scores
Batting: LHB Shaun Price 0-0: Called Strike
0-1: Ball
1-1: Grounds into double play, 4-6-3 (Groundball, 4, EV 103.1 MPH)
Top of the 6th over - 1 run, 1 hit, 0 errors, 0 left on base; Cedar Rapids 7 - Quad Cities 1
BOTTOM OF THE 6TH
Quad Cities River Bandits batting - Pitching for Cedar Rapids Kernels : LHP Bobby Shaw
Batting: RHB Sean Mounts 0-0: Ball
1-0: Ball
2-0: Called Strike
2-1: Foul Ball, location: 2F
2-2: Ball
3-2: Ground out 5-3 (Groundball, 56, EV 83.1 MPH)
Batting: RHB Erik Smith 0-0: Called Strike
0-1: Ball
1-1: Ball
2-1: Foul Ball, location: 2F
2-2: Ball
3-2: Ground out 5-3 (Groundball, 5, EV 81.9 MPH)
Batting: LHB Daigo Ishii 0-0: Called Strike
0-1: Called Strike
0-2: Foul Ball, location: 2F
0-2: Ball
1-2: Strikes out swinging
Bottom of the 6th over - 0 runs, 0 hits, 0 errors, 0 left on base; Cedar Rapids 7 - Quad Cities 1
TOP OF THE 7TH
Cedar Rapids Kernels batting - Pitching for Quad Cities River Bandits : RHP Carlos Zavala
Batting: SHB Chris Hull 0-0: Ball
1-0: Called Strike
1-1: Foul Ball, location: 2F
1-2: Strikes out swinging
Batting: LHB Hector Olvera 0-0: Ball
1-0: Foul Ball, location: 2F
1-1: Foul Ball, location: 2F
1-2: Ball
2-2: Strikes out swinging
Batting: RHB Tim Carter 0-0: SINGLE (Groundball, 4MD, EV 104.4 MPH)
Batting: RHB Andrew Rich 0-0: Ball
Tim Carter steals 2nd base
1-0: Fly out, F8 (Line Drive, 8RM, EV 91.9 MPH)
Top of the 7th over - 0 runs, 1 hit, 0 errors, 1 left on base; Cedar Rapids 7 - Quad Cities 1
BOTTOM OF THE 7TH
Quad Cities River Bandits batting - Pitching for Cedar Rapids Kernels : LHP Bobby Shaw
Pitching: RHP Bruce Wight
Batting: LHB Bob Govella 0-0: Ball
1-0: SINGLE (Groundball, 4MD, EV 97.5 MPH)
Batting: RHB Andrew Pride 0-0: Called Strike
0-1: Ball
1-1: Ground out 4-3 (Groundball, 4S, EV 72.5 MPH)
Bob Govella to second
Batting: LHB Aldo Kok 0-0: Ball
1-0: Called Strike
1-1: Ball
2-1: Swinging Strike
2-2: Ball
3-2: Strikes out swinging
Batting: RHB Reginald McDougall 0-0: Ball
1-0: Ball
2-0: Ground out 6-3 (Groundball, 6, EV 84.4 MPH)
Bottom of the 7th over - 0 runs, 1 hit, 0 errors, 1 left on base; Cedar Rapids 7 - Quad Cities 1
TOP OF THE 8TH
Cedar Rapids Kernels batting - Pitching for Quad Cities River Bandits : RHP Carlos Zavala
Batting: RHB Dave Berry 0-0: Ball
1-0: Ball
2-0: Ball
3-0: Called Strike
3-1: Foul Ball, location: 2F
3-2: Base on Balls
Batting: RHB David McDonald 0-0: Ball
1-0: Swinging Strike
1-1: 2-RUN HOME RUN (Flyball, 7LD, EV 93.1 MPH), Distance : 358 ft
Batting: LHB Brian Wagner 0-0: Called Strike
0-1: Fly out, F6 (Flyball, 4MD, EV 89.4 MPH)
Batting: LHB Kuemon Shishido 0-0: Ball
1-0: SINGLE (Flyball, 6D, EV 83.1 MPH)
Batting: LHB Shaun Price 0-0: Ball
1-0: Ball
2-0: Called Strike
2-1: Ball
3-1: Called Strike
3-2: 2-RUN HOME RUN (Flyball, 9D, EV 97.5 MPH), Distance : 367 ft
Pitching: RHP Isaiah McLaurin
Batting: SHB Chris Hull 0-0: Ball
1-0: Ball
2-0: SINGLE (Groundball, 34D, EV 104.4 MPH)
Batting: LHB Hector Olvera 0-0: Ball
1-0: Ball
2-0: Called Strike
2-1: SINGLE (Groundball, 34D, EV 96.2 MPH)
Chris Hull to second
Runner from 2nd tries for 3rd, SAFE, throw by RF made to third
Hector Olvera to second
Batting: RHB Tim Carter 0-0: Ground out U3 (Groundball, 3, EV 82.5 MPH)
Batting: RHB Andrew Rich 0-0: Ball
1-0: Ball
Wild Pitch!
Chris Hull scores
Hector Olvera to third
2-0: Swinging Strike
2-1: Foul Ball, location: 2F
2-2: Foul Ball, location: 2F
2-2: Foul Ball, location: 2F
2-2: Foul Ball, location: 2F
2-2: Foul Ball, location: 2F
2-2: Foul Ball, location: 2F
2-2: Foul Ball, location: 2F
2-2: Ball
3-2: Strikes out swinging
Top of the 8th over - 5 runs, 5 hits, 0 errors, 1 left on base; Cedar Rapids 12 - Quad Cities 1
BOTTOM OF THE 8TH
Quad Cities River Bandits batting - Pitching for Cedar Rapids Kernels : RHP Bruce Wight
Pinch Hitting: RHB Tristan Lewis 0-0: Ball
1-0: Ball
2-0: Fly out, F8 (Flyball, 8RD, EV 88.8 MPH)
Pinch Hitting: LHB Mike Staley 0-0: Called Strike
0-1: Ball
1-1: Ball
2-1: Foul Ball, location: 2F
2-2: Foul Ball, location: 2F
2-2: Ball
3-2: Foul Ball, location: 2F
3-2: Strikes out swinging
Pinch Hitting: RHB Tim Persson 0-0: Called Strike
0-1: Swinging Strike
0-2: Foul Ball, location: 2F
0-2: Ball
1-2: Foul Ball, location: 2F
1-2: Strikes out swinging
Bottom of the 8th over - 0 runs, 0 hits, 0 errors, 0 left on base; Cedar Rapids 12 - Quad Cities 1
TOP OF THE 9TH
Cedar Rapids Kernels batting - Pitching for Quad Cities River Bandits : RHP Isaiah McLaurin
Now at 2B: Tristan Lewis
Now at SS: Steve Moore
Now in LF: Mike Staley
Batting: RHB Dave Berry 0-0: Called Strike
0-1: Foul Ball, location: 2F
0-2: Strikes out looking
Batting: RHB David McDonald 0-0: Called Strike
0-1: Ball
1-1: Foul Ball, location: 2F
1-2: Strikes out swinging
Batting: LHB Brian Wagner 0-0: Called Strike
0-1: Swinging Strike
0-2: Ball
1-2: Ball
2-2: Strikes out swinging
Top of the 9th over - 0 runs, 0 hits, 0 errors, 0 left on base; Cedar Rapids 12 - Quad Cities 1
BOTTOM OF THE 9TH
Quad Cities River Bandits batting - Pitching for Cedar Rapids Kernels : RHP Bruce Wight
Pinch Hitting: RHB Lee Wright 0-0: Ball
1-0: Ball
2-0: Ball
3-0: Base on Balls
Batting: LHB Daigo Ishii 0-0: Called Strike
0-1: Ball
1-1: Called Strike
1-2: Strikes out swinging
Batting: LHB Bob Govella 0-0: Ball
1-0: Ball
2-0: Ball
Wild Pitch!
Lee Wright to second
3-0: Called Strike
3-1: Called Strike
3-2: Base on Balls
Pitching: LHP Josh Armstrong
Batting: RHB Andrew Pride 0-0: Ball
1-0: Foul Ball, location: 2F
1-1: Foul Ball, location: 2F
1-2: Foul Ball, location: 2F
1-2: Grounds into double play, 4-6-3 (Groundball, 4, EV 86.9 MPH)
Bottom of the 9th over - 0 runs, 0 hits, 0 errors, 1 left on base; Cedar Rapids 12 - Quad Cities 1
Tuesday, March 28th , 2023 - OOTP Baseball 23.10 Build 110